 Dungeon Crawl Stone Soup version 0.29.1-1-gd02db6906a (webtiles) character file.

Game seed: 6769608283956734853

113 Earthwalker the Trooper (level 4, -9/41 HPs)
             Began as a Minotaur Fighter on Oct 13, 2022.
             Mangled by Crazy Yiuf
             ... wielding a +2 quarterstaff of chaos
              (11 damage)
             ... on level 2 of the Dungeon.
             The game lasted 00:02:22 (2026 turns).

Earthwalker the Trooper (Minotaur Fighter)          Turns: 2026, Time: 00:02:23

Health: -9/41      AC:  7    Str: 22    XL:     4   Next: 65%
Magic:  3/3        EV: 10    Int:  5    God:
Gold:   109        SH:  4    Dex: 10    Spells: 3/3 levels left

rFire   x . .      SeeInvis .   a - +0 war axe
rCold   + . .      Faith    .   c - +0 buckler
rNeg    . . .      Spirit   .   b - +0 scale mail
rPois   .          Reflect  .   (helmet restricted)
rElec   .          Harm     .   (no cloak)
rCorr   .          Rampage  .   (no gloves)
Will    .....                   (no boots)
Stlth   ..........              (no amulet)
HPRegen 0.13/turn               h - ring of ice
MPRegen 0.08/turn               (no ring)

@: lethally poisoned (-9 -> -13), invisible
A: horns 2, retaliatory headbutt
a: no special abilities


You were on level 2 of the Dungeon.
You visited 1 branch of the dungeon, and saw 2 of its levels.

You collected 109 gold pieces.

Inventory:

Hand Weapons
 a - a +0 war axe (weapon)
Armour
 b - a +0 scale mail (worn)
 c - a +0 buckler (worn)
Jewellery
 h - a ring of ice (left hand)
Scrolls
 e - 2 scrolls of teleportation
 i - a scroll of summoning {unknown}
 k - a scroll of vulnerability {unknown}
 l - a scroll of poison
 m - a scroll of magic mapping {unknown}
 n - 2 scrolls of identify
 o - a scroll of blinking {unknown}
Potions
 d - a potion of might
 f - a potion of lignification {unknown}
 g - 3 potions of curing
 j - 2 potions of mutation {unknown}


   Skills:
 * Level 4.4 Fighting
 * Level 3.4 Axes
 * Level 4.3 Armour
 * Level 1.9 Dodging
 * Level 4.3 Shields


You had 3 spell levels left.
You didn't know any spells.
Your spell library contained the following spells:

 Spells                   Type           Power      Damage    Failure   Level
 Call Canine Familiar     Summ           0%         N/A       99%         3
 Portal Projectile        Hex/Tloc       0%         N/A       99%         3
 Leda's Liquefaction      Hex/Erth       0%         N/A       100%        4


Dungeon Overview and Level Annotations

Branches:
Dungeon (2/15)

Altars:

Annotations:
D:2 Crazy Yiuf


Innate Abilities, Weirdness & Mutations

You have a pair of horns on your head.
You reflexively headbutt those who attack you in melee.


Message History

No target in view!
No target in view!
No target in view!
No target in view!
No target in view!
No target in view!
No target in view!
No target in view!
You see here the felid corpse of Natasha.
There is an open door here.
Crazy Yiuf shouts!
Could not explore, unopened runed door.
You open the door. You hit Crazy Yiuf but do no damage.
Your headbutt misses Crazy Yiuf.
Crazy Yiuf hits you with a +2 quarterstaff of chaos!
Crazy Yiuf burns you! Crazy Yiuf barely misses you.
You hit Crazy Yiuf but do no damage.
Crazy Yiuf hits you with a +2 quarterstaff of chaos!
You hit Crazy Yiuf. Your headbutt misses Crazy Yiuf.
Crazy Yiuf is lightly wounded.
You block Crazy Yiuf's attack.
You slash Crazy Yiuf! Your headbutt misses Crazy Yiuf.
Crazy Yiuf is heavily wounded.
Crazy Yiuf hits you with a +2 quarterstaff of chaos!
* * * LOW HITPOINT WARNING * * *
You are lethally poisoned!
Crazy Yiuf barely misses you.
You hit Crazy Yiuf but do no damage.
Crazy Yiuf is heavily wounded.
* * * LOW HITPOINT WARNING * * *
You feel very sick.
Crazy Yiuf hits you with a +2 quarterstaff of chaos.
* * * LOW HITPOINT WARNING * * *
You fade into invisibility!
You hit Crazy Yiuf but do no damage.
Crazy Yiuf is heavily wounded.
* * * LOW HITPOINT WARNING * * *
You feel sick.
Crazy Yiuf hits you with a +2 quarterstaff of chaos!
You die...

#.#
#..)......#
#.#...# #.#
#########.#
#.....# #.#
#.# ###...#
#.# #####
#.# ##...# #
#.# #..)#
#.# ##...).
## ##.####
#...#
#.###......
.####.....##
...
##.##.......
.'.........#
#g#
#.^.'....)..
.####...#.##
##@#
#####.......
## ##.##.#
#.##
##...†.. #
####.# ##.#
##..... #.#
#.##
#####...#
#.# ##.##
##...##'##
#.# #...##
#.....#.##
#########.#
#....#
#.........
.........>#
#....#
#.....#.##
.#######..#
#....##
##...#)..#


You could see Crazy Yiuf (unable to see you).

Vanquished Creatures
  Natasha (thrice) (D:2)
  An adder (D:2)
  3 ball pythons
  5 endoplasms
  2 giant cockroaches
  4 hobgoblins
  2 quokkas
  4 bats
  A frilled lizard (D:1)
  A goblin (D:2)
  6 kobolds
  A rat (D:2)
33 creatures vanquished.

Notes
Turn   | Place    | Note
-------+----------+-------------------------------------------
     0 | D:1      | Earthwalker the Minotaur Fighter began the quest for the
                  | Orb.
     0 | D:1      | Reached XP level 1. HP: 19/19 MP: 0/0
   312 | D:1      | Reached XP level 2. HP: 26/27 MP: 1/1
   680 | D:2      | Reached skill level 1 in Dodging
   812 | D:2      | Reached XP level 3. HP: 19/33 MP: 2/2
  1034 | D:2      | Found a runed translucent door.
  1035 | D:2      | Noticed Crazy Yiuf
  1444 | D:2      | Noticed Natasha
  1451 | D:2      | Killed Natasha
  1689 | D:2      | Noticed Natasha
  1693 | D:2      | Killed Natasha
  1694 | D:2      | Reached XP level 4. HP: 29/40 MP: 3/3
  1984 | D:2      | Noticed Natasha
  1989 | D:2      | Killed Natasha
  2026 | D:2      | HP: 2/41 [poisoned by Crazy Yiuf]
  2026 | D:2      | Mangled by Crazy Yiuf

Illustrated notes

Levels and vault maps discovered:
D:1:      minmay_arrival_arboretum_large, layout_rooms
D:2:      layout_loops_corners, uniq_natasha, uniq_crazy_yiuf_cottage

Skill      XL: |  1  2  3 |
---------------+----------+-----
Dodging        | 1 |  1.9
Fighting       | 4 |  4.4
Armour         | 4 |  4.3
Shields        | 4 |  4.3
Axes           | 3 |  3.4

Action                   |  1- 3 |  4- 6 || total
-------------------------+-------+-------++-------
Melee: War axe           |    75 |     9 ||    84
       Headbutt          |    12 |       ||    12
  Use: Scroll            |     4 |       ||     4
Armor: Scale mail        |    38 |       ||    38
Dodge: Dodged            |    31 |     4 ||    35
Block: Buckler           |    17 |     3 ||    20
